 Dungeon Crawl Stone Soup version 0.31-a0-795-g5eb97db20b (webtiles) character file.

Game seed: 4721892116499736538

44 Maratek the Sneak (level 3, 0/22 HPs)
             Began as a Kobold Brigand on Sept 18, 2023.
             Succumbed to an adder's poison
             ... on level 2 of the Dungeon.
             The game lasted 00:00:46 (517 turns).

Maratek the Sneak (Kobold Brigand)                   Turns: 517, Time: 00:00:46

Health: 0/22       AC:  3    Str:  8    XL:     3   Next: 87%
Magic:  3/3        EV: 14    Int: 12    God:
Gold:   65         SH:  0    Dex: 18    Spells: 2/2 levels left

rFire   . . .        a - +2 dagger
rCold   . . .        (no shield)
rNeg    . . .        b - +0 robe
rPois   .            (no helmet)
rElec   .            c - +0 cloak
rCorr   .            (no gloves)
SInv    .            (no boots)
Will    .....        (no amulet)
Stlth   +++++        (no ring)
HPRegen 0.23/turn    (no ring)
MPRegen 0.08/turn

%: no passive effects
@: lethally poisoned (0 -> -1)
A: small, no large weapons, nightstalker 3
a: no special abilities


You were on level 2 of the Dungeon.
You visited 1 branch of the dungeon, and saw 2 of its levels.

You collected 65 gold pieces.

Inventory:

Hand Weapons
 a - a +2 dagger (weapon)
Missiles
 d - 9 poisoned darts (quivered)
 e - 3 curare-tipped darts
Armour
 b - a +0 robe (worn)
 c - a +0 cloak (worn)
Jewellery
 h - a ring of protection from cold
Scrolls
 f - 2 scrolls of identify {unknown}
 i - a scroll of silence {unknown}
 j - a scroll of enchant armour {unknown}
 k - a scroll of fear {unknown}
Potions
 g - a potion of haste {unknown}
 l - 2 potions of curing {unknown}


   Skills:
 + Level 2.6 Fighting
 + Level 3.1 Short Blades
 + Level 2.4 Throwing
 + Level 1.2 Dodging
 + Level 6.5 Stealth


You had 2 spell levels left.
You didn't know any spells.
Your spell library was empty.

Dungeon Overview and Level Annotations

Branches:
Dungeon (1/15)

Altars:


Innate Abilities, Weirdness & Mutations

You are small and have problems with some larger weapons.
You are completely attuned to the shadows.


Message History

You closely miss the adder.
You feel sick. The adder bites you.
You closely miss the adder.
You feel sick. The dart slug closely misses you. The adder misses you.
You closely miss the adder.
You feel sick. The adder barely misses you.
You miss the adder.
You feel sick.
You are no longer poisoned.
The adder bites you.
You are poisoned.
The adder poisons you! The dart slug launches a dart at you.
The slug dart hits you.
You are too injured to fight recklessly!
You are too injured to fight recklessly!
You are too injured to fight recklessly!
You are too injured to fight recklessly!
You are too injured to fight recklessly!
You are too injured to fight recklessly!
You hit the adder but do no damage.
You feel sick. The adder closely misses you.
You barely miss the adder.
You feel sick. The adder bites you.
* * * LOW HITPOINT WARNING * * *
The dart slug closely misses you.
You closely miss the adder.
* * * LOW HITPOINT WARNING * * *
You feel sick. The adder barely misses you.
You hit the adder.
The adder is lightly wounded.
* * * LOW HITPOINT WARNING * * *
You feel sick. The adder bites you but does no damage.
The dart slug launches a dart at you. The slug dart hits you.
* * * LOW HITPOINT WARNING * * *
You hit the dart slug.
The dart slug is severely wounded.
* * * LOW HITPOINT WARNING * * *
You feel sick. The adder bites you but does no damage.
The dart slug closely misses you.
You hit the dart slug.
You kill the dart slug!
You die...

#.###### ##########
#...... .........#
#.....# ########.#
#...S.### #.#
....@.... #.#
#.#...#### #.#
#.#.#.###..
#.##...###....# ###
#.##..#.#.#####
##.## #.##..##.##
#.#.## #.##...#.###
.###.###.##.........
## ##.##.##.#.#.####


You could see an adder.

Vanquished Creatures
  3 adders (D:2)
  A worm (D:2)
  A dart slug (D:2)
  2 bats (D:2)
  An endoplasm (D:2)
  A giant cockroach (D:2)
  3 goblins (D:2)
  2 hobgoblins (D:2)
  A kobold (D:2)
  A rat (D:2)
16 creatures vanquished.

Notes
Turn   | Place    | Note
-------+----------+-------------------------------------------
     0 | D:1      | Maratek the Kobold Brigand began the quest for the Orb.
     0 | D:1      | Reached XP level 1. HP: 12/12 MP: 1/1
     6 | D:1      | You fall into a shaft and drop 1 floor!
    75 | D:2      | Reached XP level 2. HP: 18/18 MP: 2/2
   198 | D:2      | Reached skill level 6 in Stealth
   198 | D:2      | Reached XP level 3. HP: 22/22 MP: 3/3
   516 | D:2      | HP: 1/22 [poisoned by an adder]
   517 | D:2      | Succumbed to an adder's poison

Illustrated notes

Levels and vault maps discovered:
D:1:      saegor_arrival_under_anarchy, layout_rooms, serial_shops,
          nicolae_shop_advertising_works [nicolae_subvault_shop_adworks]
D:2:      layout_loops_ring, serial_bayou_lagoon_a

Skill      XL: |  1  2  3 |
---------------+----------+-----
Stealth        | 6 |  6.5
Short Blades   | 3 |  3.1
Fighting       | |  2.6
Throwing       | |  2.4
Dodging        | |  1.2

Action                     || total
---------------------------++-------
  Melee: Dagger            ||    38
   Stab: Sleeping          ||    10
 Armour: Robe              ||    15
  Dodge: Dodged            ||    20

Table legend: (Time is in decaauts)
 A = Elapsed time spent in this place.
 B = Non-inter-level travel time spent in this place.
 C = Inter-level travel time spent in this place.
 D = Time resting spent in this place.
 E = Time spent auto-exploring this place.
 F = Levels seen in this place.
 G = Mean time per level.
                   A        B        C        D        E       F      G
               +--------+--------+--------+--------+--------+-----+--------+
         Total |    521 |    521 |      0 |      0 |    433 |   2 |  260.5 |
       Dungeon |    521 |    521 |      0 |      0 |    433 |   2 |  260.5 |
               +--------+--------+--------+--------+--------+-----+--------+

Top non-repeatable levels by time:
     D:2: 515 daAuts
     D:1: 6 daAuts
